 Dungeon Crawl Stone Soup version 0.30-a0-223-gcb0039aa0c (webtiles) character file.

Game seed: 8557786997415479869

137 qw the Chopper (level 5, -2/32 HPs)
             Began as a Gargoyle Fighter on Oct 9, 2022.
             Killed by divine providence
             ... invoked by an orc priest
              (12 damage)
             ... on level 4 of the Dungeon.
             The game lasted 00:01:10 (2738 turns).

qw the Chopper (Gargoyle Fighter)                   Turns: 2738, Time: 00:01:10

Health: -2/32      AC: 13    Str: 21    XL:     5   Next: 20%
Magic:  0/5        EV: 11    Int:  9    God:
Gold:   189        SH:  4    Dex:  9    Spells: 4/4 levels left

rFire   . . .      SeeInvis .    Y - +1 war axe
rCold   . . .      Faith    .    c - +0 buckler
rNeg    + . .      Spirit   +    q - +0 chain mail
rPois   inf        Reflect  .    (no helmet)
rElec   +          Harm     .    (no cloak)
rCorr   .          Rampage  .    (no gloves)
Will    .....                    (no boots)
Stlth   ..........               j - amulet of guardian spirit
HPRegen 0.25/turn                k - +4 ring of evasion
MPRegen 0.09/turn                (no ring)

@: no status effects
A: sickness immunity, AC +4, negative energy resistance 1, electricity
resistance, torment resistance 1, petrification resistance
a: no special abilities


You were on level 4 of the Dungeon.
You visited 1 branch of the dungeon, and saw 4 of its levels.

You collected 189 gold pieces.


Innate Abilities, Weirdness & Mutations

You are immune to sickness and miasma.
Your stone body is resilient. (AC +4)
You are immune to poison.
You resist negative energy. (rN+)
You are resistant to electric shocks. (rElec)
You are resistant to unholy torment.
You are immune to petrification.


   Skills:
 - Level 3.2 Fighting
 + Level 4.7 Axes
 - Level 3.2 Armour
 - Level 3.2 Shields


You had 4 spell levels left.
You didn't know any spells.
Your spell library was empty.

Inventory:

Hand Weapons
 f - a +0 whip
 Y - a +1 war axe (weapon)
Armour
 c - a +0 buckler (worn)
 q - a +0 chain mail (worn)
Jewellery
 j - an amulet of guardian spirit (around neck)
 k - a +4 ring of evasion (left hand)
 r - a ring of fire
Scrolls
 a - a scroll of identify
 b - a scroll of silence {unknown}
 i - 3 scrolls of enchant armour
Potions
 d - a potion of might
 e - a potion of mutation
 g - a potion of brilliance {unknown}
 h - a potion of degeneration {unknown}
 l - a potion of heal wounds {unknown}
 m - a potion of attraction
 p - a potion of lignification {unknown}
 s - a potion of flight {unknown}

Dungeon Overview and Level Annotations

Branches:
Dungeon (4/15)
 Temple: D:4-7

Altars:


Message History

You have reached level 5!
You barely miss the orc.
The orc is heavily wounded.
The orc priest calls upon Beogh to heal the orc.
The orc's wounds heal themselves!
The orc hits you with a +0 dagger.
You barely miss the orc. You block the orc priest's attack.
The orc hits you but does no damage.
The orc priest hits you from afar with a +2 trident of venom!
The orc hits you with a +0 dagger.
You closely miss the orc. The orc hits you but does no damage.
The orc priest hits you from afar with a +2 trident of venom!
You closely miss the hobgoblin. You hit the orc. The orc closely misses you.
The hobgoblin barely misses you.
The orc priest hits you from afar with a +2 trident of venom.
You hit the orc.
You kill the orc!
You closely miss the hobgoblin.
The orc priest calls down the wrath of Beogh upon you.
Pain shoots through your body! The hobgoblin misses you.
The orc priest hits you but does no damage.
The hobgoblin hits you but does no damage.
You barely miss the hobgoblin.
The orc priest hits you but does no damage.
The hobgoblin hits you but does no damage.
You slash the hobgoblin!
You kill the hobgoblin!
The orc priest barely misses you. The orc priest closely misses you.
Things that are here:
a +0 dagger; a +0 leather armour; an orc corpse You hit the orc priest.
The orc priest is lightly wounded.
The orc priest closely misses you.
You hit the orc priest.
The orc priest is heavily wounded.
The orc priest closely misses you.
The orc priest calls down the wrath of Beogh upon you.
Beogh smites you!
You die...

................
#..................
##...............###
###.................#
###...................#
#.....................#
.....................#
#.o)............###
#..@.......)...##
##.).........###
##.........##
##......### ##...###
#...# #...# #...# #...#


You could see an orc priest.

Vanquished Creatures
  An orc wizard (D:4)
  2 adders (D:2)
  3 worms (D:2)
  A dart slug (D:3)
  6 orcs
  4 bats
  8 endoplasms
  6 giant cockroaches
  9 goblins
  8 hobgoblins
  3 jackals (D:3)
  3 ball pythons
  4 frilled lizards
  7 kobolds
  8 rats
73 creatures vanquished.

Vanquished Creatures (others)
  5 plants (D:3)
5 creatures vanquished.

Grand Total: 78 creatures vanquished

Notes
Turn   | Place    | Note
-------+----------+-------------------------------------------
     0 | D:1      | qw the Gargoyle Fighter began the quest for the Orb.
     0 | D:1      | Reached XP level 1. HP: 14/14 MP: 1/1
     0 | D:1      | 0 ||| qw: Version: 0.2-a-17-g06abaee
     0 | D:1      | 0 ||| qw: Game counter: 2202
     0 | D:1      | 0 ||| qw: Always use a shield: true
     0 | D:1      | 0 ||| qw: God list: Okawaru
     0 | D:1      | 0 ||| qw: Allow faded altars: false
     0 | D:1      | 0 ||| qw: Do Orc after D:15 true
     0 | D:1      | 0 ||| qw: Do second Lair branch before Depths: true
     0 | D:1      | 0 ||| qw: Lair rune preference: random
     0 | D:1      | 0 ||| qw: Plans: Normal, Zot:1-4, God:TSO, Crypt, Tomb,
                  | Pan, Slime:5, Hells, Abyss, Orb
     0 | D:1      | 0 ||| PLANNING D:1-11
    53 | D:1      | Reached skill level 2 in Axes
    62 | D:1      | 62 ||| Stepping ~*~*~tactically~*~*~ (stealth).
    74 | D:1      | Reached XP level 2. HP: 19/19 MP: 2/2
   119 | D:1      | 119 ||| Stepping ~*~*~tactically~*~*~ (stealth).
   215 | D:1      | 215 ||| Stepping ~*~*~tactically~*~*~ (stealth).
   217 | D:1      | 217 ||| Stepping ~*~*~tactically~*~*~ (stealth).
   291 | D:1      | Reached skill level 3 in Axes
   483 | D:1      | Found a faded altar of an unknown god.
   547 | D:1      | 547 ||| READING 2 scrolls labelled WIUREMAQOB.
   548 | D:1      | 548 ||| READING 3 scrolls labelled IDDEMU KETE.
   653 | D:2      | Reached XP level 3. HP: 23/23 MP: 3/3
   757 | D:2      | 757 ||| Stepping ~*~*~tactically~*~*~ (stealth).
   758 | D:2      | 758 ||| Stepping ~*~*~tactically~*~*~ (stealth).
   759 | D:2      | 759 ||| Stepping ~*~*~tactically~*~*~ (stealth).
   834 | D:2      | 834 ||| Stepping ~*~*~tactically~*~*~ (stealth).
   992 | D:2      | Reached XP level 4. HP: 28/28 MP: 4/4
  1064 | D:2      | 1064 ||| Stepping ~*~*~tactically~*~*~ (stealth).
  1325 | D:2      | Reached skill level 4 in Axes
  1486 | D:2      | 1486 ||| FLEEEEING.
  1487 | D:2      | 1487 ||| FLEEEEING.
  1488 | D:2      | 1488 ||| FLEEEEING.
  1489 | D:2      | 1489 ||| STAIRDANCE
  1500 | D:1      | 1500 ||| DROPPING amulet of magic regeneration.
  1501 | D:1      | 1501 ||| READING scroll labelled VOCVEPU DALULO.
  1502 | D:1      | 1502 ||| READING scroll labelled EVUPHIPIRU.
  1503 | D:1      | 1503 ||| READING scroll labelled OPNOPR ILOTA.
  1504 | D:1      | 1504 ||| READING scroll labelled LISIETZAWNI.
  1508 | D:2      | 1508 ||| Stepping ~*~*~tactically~*~*~ (hiding).
  1695 | D:2      | 1695 ||| DROPPING ring of magical power.
  1696 | D:2      | 1696 ||| READING scroll labelled BON DUYNOON.
  1808 | D:3      | 1808 ||| Stepping ~*~*~tactically~*~*~ (stealth).
  1813 | D:3      | 1813 ||| Stepping ~*~*~tactically~*~*~ (hiding).
  1884 | D:3      | 1884 ||| Stepping ~*~*~tactically~*~*~ (hiding).
  2051 | D:3      | 2051 ||| FLEEEEING.
  2052 | D:3      | 2052 ||| FLEEEEING.
  2078 | D:3      | 2078 ||| Stepping ~*~*~tactically~*~*~ (stealth).
  2535 | D:3      | 2535 ||| UPGRADING to +0 chain mail.
  2545 | D:3      | 2545 ||| DROPPING +0 scale mail.
  2546 | D:3      | 2546 ||| UPGRADING to amulet of guardian spirit.
  2551 | D:3      | 2551 ||| UPGRADING to +4 ring of evasion.
  2552 | D:3      | 2552 ||| READING scroll labelled NUADWU TANA.
  2553 | D:3      | 2553 ||| READING scroll labelled FAOVERY VUINNU.
  2569 | D:3      | 2569 ||| READING scroll labelled ISOOFORAMO.
  2573 | D:3      | 2573 ||| DRINKING 2 amethyst potions.
  2574 | D:3      | 2574 ||| READING 2 scrolls of identify.
  2574 | D:3      | 2574 ||| IDENTIFYING murky grey potion
  2601 | D:4      | 2601 ||| STAIRDANCE
  2729 | D:4      | Reached XP level 5. HP: 29/32 MP: 3/5
  2738 | D:4      | Killed from afar by an orc priest

Levels and vault maps discovered:
D:1:      eino_arrival_cavern_d, layout_rooms,
          dilly_ecumenical_altar_fadedgnrine, st_stairs_14
D:2:      minmay_recursive_quarters, layout_basic
D:3:      layout_basic, serial_glass, glass_columns_a, glass_columns_a,
          kennysheep_boxes
D:4:      layout_cave_pods, grunt_temple_overflow_growth_and_decay, uniq_edmund

Skill      XL: |  1  2  3  4 |
---------------+-------------+-----
Axes           | 2 3 4 |  4.7
Fighting       | |  3.2
Armour         | |  3.2
Shields        | |  3.2

Action                   |  1- 3 |  4- 6 || total
-------------------------+-------+-------++-------
Melee: War axe           |   100 |    88 ||   188
  Use: Scroll            |     2 |     9 ||    11
       Potion            |       |     1 ||     1
Armor: Scale mail        |    45 |    19 ||    64
       Chain mail        |       |    14 ||    14
Dodge: Dodged            |    38 |    43 ||    81
Block: Buckler           |    23 |    21 ||    44

Table legend:
 A = Non-vault XP
 B = Vault XP
 C = Vault XP percentage of total XP
 D = Non-vault monster count
 E = Vault monster count
 F = Vault count percentage of total count
                 A         B        C        D         E       F
            +---------+---------+-------+---------+---------+-------
      Total |     179 |      18 |   9.1 |      65 |       8 |  11.0
            +---------+---------+-------+---------+---------+-------
        D:1 |      30 |       2 |   6.2 |      19 |       1 |   5.0
        D:2 |      62 |      16 |  20.5 |      21 |       7 |  25.0
        D:3 |      37 |       0 |   0.0 |      17 |       0 |   0.0
        D:4 |      50 |       0 |   0.0 |       8 |       0 |   0.0
            +---------+---------+-------+---------+---------+-------
